 Dungeon Crawl Stone Soup version 0.28.0-47-ge53b351184 (webtiles) character file.

Game seed: 17055499677753001091

408 pkoi the Conjurer (level 6, 0/48 HPs)
             Began as a Demigod Conjurer on May 8, 2022.
             Slain by a kobold brigand
             ... wielding a +0 short sword
              (6 damage)
             ... in a sewer.
             The game lasted 00:07:18 (5515 turns).

pkoi the Conjurer (Demigod Conjurer)                Turns: 5515, Time: 00:07:19

Health: 0/48       AC:  2    Str:  8    XL:     6   Next: 31%
Magic:  8/13       EV: 12    Int: 28    God:
Gold:   55         SH:  0    Dex: 12    Spells: 3/10 levels left

rFire   . . .      SeeInvis .   q - +1 dagger (elec)
rCold   . . .      Faith    .   (no shield)
rNeg    + . .      Spirit   .   a - +0 robe
rPois   .          Reflect  .   (no helmet)
rElec   .          Harm     .   (no cloak)
rCorr   +          Rampage  .   (no gloves)
Will    .....                   (no boots)
Stlth   ++........              (no amulet)
HPRegen 0.16/turn               m - ring of positive energy
MPRegen 0.13/turn               p - ring of resist corrosion

@: slowed, very slow
A: high MP 1, forlorn, divine attributes
a: no special abilities


You were in a sewer.
You visited 1 branch of the dungeon, and saw 4 of its levels.
You also visited: Sewer.

You collected 55 gold pieces.

Inventory:

Hand Weapons
 b - a +0 short sword
 n - a +0 rapier
 q - a +1 dagger of electrocution (weapon)
Missiles
 c - a curare-tipped dart
Armour
 a - a +0 robe (worn)
Jewellery
 m - a ring of positive energy (left hand)
 p - a ring of resist corrosion (right hand)
Scrolls
 h - a scroll of fear {unknown}
 i - a scroll of silence {unknown}
 l - 4 scrolls of teleportation {unknown}
 o - a scroll of amnesia {unknown}
 s - 2 scrolls of identify {unknown}
 t - a scroll of enchant armour {unknown}
 v - a scroll of blinking {unknown}
Potions
 e - a potion of attraction {unknown}
 f - a potion of lignification {unknown}
 g - 2 potions of resistance {unknown}
 j - a potion of brilliance {unknown}
 k - a potion of heal wounds {unknown}
 r - a potion of cancellation {unknown}
 u - a potion of magic {unknown}


   Skills:
 - Level 2.0 Fighting
 - Level 2.0 Armour
 - Level 3.0 Dodging
 - Level 1.7 Stealth
 + Level 2.7 Spellcasting
 * Level 5.3 Conjurations
 + Level 1.0 Translocations


You had 3 spell levels left.
You knew the following spells:

 Your Spells              Type           Power      Damage    Failure   Level
a - Magic Dart            Conj           100%       1d8       1%          1
b - Searing Ray           Conj           66%        2d6       1%          2
c - Iskenderun's Mystic   Conj/Tloc      21%        2d6       22%         4

Your spell library contained the following spells:

 Spells                   Type           Power      Damage    Failure   Level
 Dazzling Flash           Conj/Hex       36%        N/A       9%          3
 Scorch                   Fire           6%         2d5       13%         2
 Gell's Gravitas          Tloc           9%         N/A       17%         3
 Lesser Beckoning         Tloc           9%         N/A       17%         3
 Teleport Other           Tloc           9%         N/A       17%         3
 Flame Wave               Conj/Fire      18%        2d6       28%         4
 Fulminant Prism          Conj/Hex       9%         3d7       28%         4
 Summon Cactus Giant      Summ           1%         N/A       100%        6


Dungeon Overview and Level Annotations

Branches:
Dungeon (4/15)             Temple (0/1) D:4           Sewer (1/1)

Shops:
D:2 ?=*!*   D:3 [

Annotations:
D:4 Eustachio


Innate Abilities, Weirdness & Mutations

You have an increased reservoir of magic. (+10% MP)
You shall have no god before yourself.
Your divine heritage dramatically boosts your attributes as you level up.


Message History

You are poisoned.
You have difficulty breathing.
* * * LOW HITPOINT WARNING * * *
You feel yourself slow down.
You enter the shallow water.
Moving in this stuff is going to be slow.
You feel extremely sick.
You feel sick.
The kobold brigand hits you with a +0 short sword.
* * * LOW HITPOINT WARNING * * *
Casting: Magic Dart (safe; 1% risk of failure)
Confirm with . or Enter, or press ? or * to list all spells.
Aiming: Searing Ray (safe; 1% risk of failure)
Press: ? - help, Shift-Dir - straight line, f/p - kobold brigand
Aim: a kobold brigand, wielding a +0 short sword and quivering curare-tipped darts (moderately wounded, 76% to hit)
The searing ray hits the kobold brigand.
The kobold brigand is moderately wounded. (Press . to maintain the ray.)
You feel sick.
The kobold brigand hits you with a +0 short sword!
* * * LOW HITPOINT WARNING * * *
The kobold brigand hits you with a +0 short sword!
* * * LOW HITPOINT WARNING * * *
The searing ray hits the kobold brigand.
The kobold brigand is heavily wounded.
You feel sick.
The kobold brigand hits you but does no damage.
The searing ray hits the kobold brigand!
The kobold brigand is severely wounded.
You feel sick.
The kobold brigand hits you with a +0 short sword.
* * * LOW HITPOINT WARNING * * *
The kobold brigand closely misses you.
The searing ray hits the kobold brigand.
The kobold brigand is almost dead.
You finish channelling your searing ray.
You feel sick.
You are no longer poisoned.
The kobold brigand hits you with a +0 short sword.
You die...

### ?≈≈≈≈##### ###
#≈.≈K.####### ≈≈≈≈≈
.K≈≈≈###@≈≈≈..≈##
≈≈≈≈≈ ### #≈≈≈≈≈≈≈.#
#≈..≈≈
#≈≈.≈≈.≈.####≈..≈.
#..≈≈≈####≈≈≈.##..≈.≈≈
≈≈##### ##..≈.≈.≈≈≈≈.
##≈...≈≈≈...
#≈≈≈..≈..∩.
#≈.≈.≈≈....
#≈≈......∩.


You could see a kobold brigand.

Vanquished Creatures
  A kobold brigand (Sewer)
  A scorpion (D:4)
  2 orc wizards
  A hound skeleton (D:4)
  3 gnolls (D:3)
  7 adders
  6 worms
  A dart slug (D:2)
  9 orcs (D:3)
  7 ball pythons
  5 bats
  7 endoplasms
  4 giant cockroaches
  10 goblins
  6 hobgoblins
  3 jackals (D:2)
  7 frilled lizards
  7 kobolds
  11 rats
98 creatures vanquished.

Notes
Turn   | Place    | Note
-------+----------+-------------------------------------------
     0 | D:1      | pkoi the Demigod Conjurer began the quest for the Orb.
     0 | D:1      | Reached XP level 1. HP: 14/14 MP: 5/5
   195 | D:1      | Reached XP level 2. HP: 20/20 MP: 5/7
   241 | D:1      | Reached skill level 4 in Conjurations
  1007 | D:1      | Reached XP level 3. HP: 27/27 MP: 1/8
  1097 | D:2      | Found Ramoqaaha's Jewellery Boutique.
  1436 | D:2      | Found Zaziucea's Magic Scroll Emporium.
  1481 | D:2      | Reached skill level 1 in Fighting
  1770 | D:2      | Learned a level 2 spell: Searing Ray
  1868 | D:2      | Found Luhuom's Distillery.
  1962 | D:2      | Found Archeisyc's Assorted Antiques.
  2210 | D:2      | Reached skill level 1 in Armour
  2221 | D:2      | Found Luirez's Assorted Antiques.
  2442 | D:2      | Reached XP level 4. HP: 35/35 MP: 1/9
  3602 | D:3      | Reached XP level 5. HP: 34/40 MP: 4/11
  3774 | D:3      | Found Dacostrie's Antique Armour Shoppe.
  4374 | D:4      | Learned a level 4 spell: Iskenderun's Mystic Blast
  4567 | D:4      | Noticed Eustachio
  4605 | D:4      | Reached skill level 5 in Conjurations
  4983 | D:4      | Found a glowing drain.
  4987 | Sewer    | Entered a sewer
  5028 | Sewer    | Reached XP level 6. HP: 6/48 MP: 2/12
  5366 | Sewer    | Reached skill level 1 in Translocations
  5515 | Sewer    | Slain by a kobold brigand

Illustrated notes

Levels and vault maps discovered:
D:1:      dpeg_arrival_simpleton_a, layout_basic, basic_ecumenical_altar
D:2:      layout_loops_cross, serial_shops, shop, shop, nicolae_diamond_shop,
          shop, shop_statue, basic_altar
D:3:      layout_basic, nicolae_wu_jian_wuxing_cycle, serial_shops, shop
D:4:      layout_loops_ring, minmay_temple_entry_junction, gup_sewer_entry_bowl,
          uniq_eustachio
Sewer:    sewer_co_tree

Skill      XL: |  1  2  3  4  5  6 |
---------------+-------------------+-----
Conjurations   | 4 5 |  5.3
Dodging        | 2 3 |  3.0
Spellcasting   | 2 |  2.7
Fighting       | 1 2 |  2.0
Armour         | 1 2 |  2.0
Translocations | 1 |  1.0
Stealth        | |  1.7

Action                   |  1- 3 |  4- 6 || total
-------------------------+-------+-------++-------
Melee: Short sword       |     3 |     1 ||     4
       Dagger            |       |    11 ||    11
 Cast: Magic Dart        |   117 |    66 ||   183
       Searing Ray       |     1 |    15 ||    16
  Use: Scroll            |       |     1 ||     1
       Potion            |       |     1 ||     1
Armor: Robe              |     1 |     5 ||     6
Dodge: Dodged            |    12 |    22 ||    34
